 Dungeon Crawl Stone Soup version 0.30-a0-694-g3340775977 (webtiles) character file.

Game seed: 15758357863710271048

149 M4edhros the Charlatan (level 5, -6/35 HPs)
             Began as an Octopode Artificer on Jan 20, 2023.
             Mangled by an iguana (8 damage)
             ... on level 5 of the Dungeon.
             The game lasted 00:01:52 (1116 turns).

M4edhros the Charlatan (Octopode Artificer)         Turns: 1116, Time: 00:01:53

Health: -6/35      AC:  1    Str: 12    XL:     5   Next: 31%
Magic:  5/5        EV: 14    Int: 19    God:
Gold:   53         SH:  0    Dex: 14    Spells: 4/4 levels left

rFire   . . .      SeeInvis .    (no weapon)
rCold   . . .      Faith    +    (no shield)
rNeg    . . .      Spirit   .    (helmet restricted)
rPois   .          Reflect  .    m - amulet of faith
rElec   .          Harm     .    h - +6 ring of intelligence
rCorr   .          Rampage  .    (no ring)
Will    .....                    (no ring)
Stlth   +++                      (no ring)
HPRegen 0.25/turn                (no ring)
MPRegen 0.09/turn                (no ring)
                                 (no ring)
                                 (no ring)

@: no status effects
A: almost no armour, amphibious, 8 rings, camouflage 1, gelatinous body 1,
(nimble swimmer 1), tentacles
a: no special abilities


You were on level 5 of the Dungeon.
You visited 1 branch of the dungeon, and saw 5 of its levels.

You collected 53 gold pieces.

Inventory:

Missiles
 i - 6 poisoned darts
 o - a throwing net
Jewellery
 h - a +6 ring of intelligence (left tentacle)
 m - an amulet of faith (around mantle)
Wands
 b - a wand of flame (12) (quivered)
 c - a wand of charming (12)
 d - a wand of iceblast (4)
Scrolls
 a - 2 scrolls of immolation {unknown}
 e - 4 scrolls of identify {unknown}
 g - a scroll of enchant armour {unknown}
 n - a scroll of teleportation {unknown}
Potions
 f - a potion of ambrosia {unknown}
 j - a potion of lignification {unknown}
 k - a potion of heal wounds {unknown}
 l - a potion of magic {unknown}
 p - a potion of brilliance {unknown}
 q - a potion of mutation {unknown}
 r - a potion of curing {unknown}


   Skills:
 + Level 2.5 Fighting
 + Level 3.3 Dodging
 + Level 3.7 Stealth
 + Level 4.2 Evocations


You had 4 spell levels left.
You didn't know any spells.
Your spell library contained the following spells:

 Spells                   Type           Power      Damage    Failure   Level
 Cause Fear               Hex            0%         N/A       90%         4
 Dragon Form              Tmut           0%         N/A       100%        7
 Dragon's Call            Summ           0%         N/A       100%        9


Dungeon Overview and Level Annotations

Branches:
Dungeon (5/15)
 Temple: D:4-7

Altars:
Okawaru

Annotations:
D:4 1 transporter


Innate Abilities, Weirdness & Mutations

You cannot wear most types of armour.
You are amphibious.
You can wear up to eight rings at the same time.
Your skin changes colour to match your surroundings (Stealth+).
Your rubbery body absorbs attacks. (AC +1, EV +1)
((You are camouflaged when in or above water. (Stealth+)))
You have tentacles for arms and can constrict up to eight enemies at once.


Message History

You tentacle-slap the iguana but do no damage.
The iguana is moderately wounded.
You constrict the iguana.
An orc comes into view. It is wielding a +0 trident.
The orc wizard gestures wildly while chanting.
The orc wizard flickers and vanishes!
Deactivating autopickup; reactivate with Ctrl-A.
The iguana barely misses you.
The orc shouts!
You tentacle-slap the iguana but do no damage.
The iguana is moderately wounded.
You constrict the iguana. The iguana completely misses you.
Aiming: Charm
Press: ? - help, Shift-Dir - straight line, f - orc wizard
Aim: an orc wizard, wielding a +0 dagger and wearing a +0 robe (chance to affect: 59%)
The orc wizard resists with significant effort.
You constrict the iguana. The iguana bites you!
Aiming: Charm
Press: ? - help, Shift-Dir - straight line, f - orc wizard
Aim: an orc wizard, wielding a +0 dagger and wearing a +0 robe (chance to affect: 59%)
The orc wizard resists with significant effort.
You constrict the iguana. The iguana completely misses you.
The orc wizard mumbles some strange words.
The orc wizard flickers and vanishes!
Aiming: Charm
Press: ? - help, Shift-Dir - straight line, f - orc
Aim: an orc, wielding a +0 dagger and wearing a +0 chain mail (chance to affect: 75%)
You detect the charmed orc wizard.
Reactivating autopickup.
You constrict the iguana. The orc misses you. The iguana bites you.
You barely miss the iguana. Your squeeze misses the iguana.
The iguana is severely wounded.
You constrict the iguana. The iguana bites you!
* * * LOW HITPOINT WARNING * * *
The orc hits you with a +0 dagger.
* * * LOW HITPOINT WARNING * * *
Okay, then.
You release your grip on the iguana.
The iguana attacks as you move away! The iguana bites you!
You die...

#... #...
....##..##
........
#o.....
##.....##
##.......##
.......<..#
........o.##
...#...o@..# #
#.....l..#
#....#....#
...............
...............
...........#...
.#..##. ..##...
#.! .. ### ..


You could see an iguana (ally target), 2 orcs and a friendly orc wizard
(charmed, invisible).

Vanquished Creatures
  A jelly (D:4)
  Natasha (D:2)
  An orc wizard (D:3)
  3 gnolls (D:4)
  An adder (D:3)
  A worm (D:2)
  2 orcs (D:3)
  3 endoplasms
  2 giant cockroaches
  3 goblins
  5 hobgoblins
  A ball python (D:2)
  2 bats
  A frilled lizard (D:3)
  2 kobolds
  2 rats
31 creatures vanquished.

Notes
Turn   | Place    | Note
-------+----------+-------------------------------------------
     0 | D:1      | M4edhros the Octopode Artificer began the quest for the
                  | Orb.
     0 | D:1      | Reached XP level 1. HP: 13/13 MP: 1/1
   146 | D:1      | Reached XP level 2. HP: 18/18 MP: 2/2
   232 | D:2      | Noticed Natasha
   244 | D:2      | Killed Natasha
   245 | D:2      | Reached XP level 3. HP: 5/24 MP: 3/3
   508 | D:3      | Reached XP level 4. HP: 2/29 MP: 4/4
   745 | D:3      | Reached skill level 4 in Evocations
   754 | D:3      | You fall into a shaft and drop 1 floor!
   843 | D:4      | Reached XP level 5. HP: 35/35 MP: 5/5
   992 | D:4      | Found an iron altar of Okawaru.
  1062 | D:4      | Found a transporter.
  1102 | D:5      | Entered Level 5 of the Dungeon
  1116 | D:5      | Mangled by an iguana

Illustrated notes

Levels and vault maps discovered:
D:1:      minmay_arrival_four_loops, layout_basic, serial_shops, shop
D:2:      layout_basic, hellmonk_ecumenical_altar_defaced_shrine, uniq_natasha
D:3:      minmay_diamond_boxcup, layout_rooms, nzn_hepliaklqana_mist_gate,
          kennysheep_generic_room_3, uniq_grinder
D:4:      layout_loops_ring, nicolae_gozag_cash_rules_everything_around_me,
          lemuel_doored_altar, mainiacjoe_overflow_chevrons,
          general_overflow_altar, gammafunk_ghost_mausoleum,
          grunt_ministairs_10, palyth_stone_intersect, kennysheep_small_spiral,
          minmay_misc_feat_x, small_statue_intersection,
          nicolae_concentric_dashed_squares_wild
D:5:      layout_cave_pools, mainiacjoe_overflow_paths, serial_gnoll_camp,
          grums_kennel, gnoll_camp_mini_doghouse, gnoll_camp_mini_house,
          gnoll_camp_mini_loothouse, gnoll_camp_mini_hut, serial_bayou_crossing

Skill      XL: |  1  2  3  4 |
---------------+-------------+-----
Stealth        | 2 3 |  3.7
Fighting       | 2 |  2.5
Dodging        | 3 |  3.3
Evocations     | 4 |  4.2

Action                   |  1- 3 |  4- 6 || total
-------------------------+-------+-------++-------
Melee: Unarmed           |    48 |    44 ||    92
       Tentacles         |    14 |    15 ||    29
       Constrict         |    14 |    10 ||    24
       Punch             |     1 |       ||     1
Evoke: Wand              |     2 |     5 ||     7
 Stab: Sleeping          |       |     1 ||     1
Armor: Skin              |     6 |     2 ||     8
Dodge: Dodged            |    36 |    33 ||    69

Table legend: (Time is in decaauts)
 A = Elapsed time spent in this place.
 B = Non-inter-level travel time spent in this place.
 C = Inter-level travel time spent in this place.
 D = Time resting spent in this place.
 E = Time spent auto-exploring this place.
 F = Levels seen in this place.
 G = Mean time per level.
                   A        B        C        D        E       F      G
               +--------+--------+--------+--------+--------+-----+--------+
         Total |   1114 |   1065 |     49 |     77 |    734 |   5 |  222.8 |
       Dungeon |   1114 |   1065 |     49 |     77 |    734 |   5 |  222.8 |
               +--------+--------+--------+--------+--------+-----+--------+

Top non-repeatable levels by time:
     D:4: 347 daAuts
     D:2: 297 daAuts
     D:3: 288 daAuts
     D:1: 167 daAuts
     D:5: 13 daAuts
